 Dungeon Crawl Stone Soup version 0.28-a0-1447-ga5a8893891 (webtiles) character file.

Game seed: 10386422319968232407

117 eustatius the Skirmisher (level 5, -1/41 HPs)
             Began as a Djinni Fighter on Jan 11, 2022.
             Slain by an iguana (2 damage)
             ... on level 3 of the Dungeon.
             The game lasted 00:06:15 (2653 turns).

eustatius the Skirmisher (Djinni Fighter)           Turns: 2653, Time: 00:06:15

Health: -1/41      AC:  6    Str: 17    XL:     5   Next: 22%
Gold:   114        EV:  9    Int:  9    God:
                   SH:  5    Dex: 13

rFire   + + .      SeeInvis .   a - +0 long sword
rCold   x . .      Faith    .   c - +0 buckler
rNeg    . . .      Spirit   .   b - +0 scale mail
rPois   ∞          Reflect  .   (no helmet)
rElec   .          Harm     .   (no cloak)
rCorr   .          Rampage  .   (no gloves)
Will    .....                   (boots unavailable)
Stlth   ..........              (no amulet)
HPRegen 0.13/turn               (no ring)
MPRegen 0.00/turn               (no ring)

@: flying
A: sickness immunity, fire resistance 2, cold vulnerability 1, float, innate
caster, hp casting, extra vitality 1
a: no special abilities


You were on level 3 of the Dungeon.
You visited 1 branch of the dungeon, and saw 3 of its levels.

You collected 114 gold pieces.

Inventory:

Hand Weapons
 a - a +0 long sword (weapon)
Armour
 b - a +0 scale mail (worn)
 c - a +0 buckler (worn)
 h - an orb of light
Scrolls
 d - a scroll of enchant weapon {unknown}
 e - a scroll of identify {unknown}
 g - a scroll of silence {unknown}
 k - a scroll of fog {unknown}
 l - 2 scrolls of immolation {unknown}
 m - a scroll of blinking {unknown}
Potions
 f - a potion of curing {unknown}
 i - a potion of heal wounds {unknown}
 j - a potion of invisibility {unknown}


   Skills:
 + Level 3.6 Fighting
 * Level 2.9 Long Blades
 + Level 3.5 Armour
 * Level 1.1 Dodging
 + Level 3.4 Shields
 * Level 0.2 Spellcasting


You had one spell level left.
You knew the following spells:

 Your Spells              Type           Power      Damage    Failure   Level
a - Summon Small Mammal   Summ           0%         N/A       85%         1
b - Poisonous Vapours     Pois/Air       0%         N/A       94%         2
Your spell library was empty.

Dungeon Overview and Level Annotations

Branches:
Dungeon (3/15)

Altars:


Innate Abilities, Weirdness & Mutations

You are immune to sickness and miasma.
You are immune to poison.
Your flesh is very heat resistant. (rF++)
You are vulnerable to cold. (rC-)
You float through the air rather than walking.
You learn spells naturally, not from books.
Your magical power is your life essence.
You have superior vitality. (+4 MHP)


Message History

You hit the iguana but do no damage.
The iguana is moderately wounded.
The iguana misses you.
You hit the iguana.
The iguana is moderately wounded.
The iguana bites you.
You closely miss the iguana.
The iguana is moderately wounded.
The iguana bites you.
You hit the iguana but do no damage.
The iguana is moderately wounded.
The iguana closely misses you. The iguana bites you.
You hit the iguana.
The iguana is heavily wounded.
The iguana misses you.
You closely miss the iguana.
The iguana is heavily wounded.
The iguana bites you.
You barely miss the iguana.
The iguana is heavily wounded.
The iguana bites you!
* * * LOW HITPOINT WARNING * * *
The iguana bites you but does no damage.
You hit the iguana.
The iguana is almost dead.
The iguana hisses menacingly.
The iguana barely misses you.
You hit the iguana but do no damage.
The iguana is almost dead.
The iguana barely misses you.
You hit the iguana but do no damage.
The iguana is almost dead.
The iguana barely misses you.
The iguana hisses menacingly.
The iguana bites you!
* * * LOW HITPOINT WARNING * * *
You hit the iguana.
The iguana is almost dead.
The iguana bites you.
You die...

##.##....##.##...#
#..#..8..#..#..#...#
##.##....##.##.####...#
#...###.....#..#..###...
#.#...####.##.##....# .#
#.###...#..#..#..8.. #
##...###...##.##...
#..#...###.#[..#l#
#.####...#####..@#
..#..#.#...# ###...#
.##.†..##.## ###...#
.#..8..#..# ##.#
##....##.## # .###..#..#
...####†## ##...#..#
###...##


You could see an iguana.

Vanquished Creatures
  A gnoll (D:1)
  5 adders
  3 worms
  4 bats
  3 endoplasms
  A giant cockroach (D:2)
  7 hobgoblins
  3 jackals (D:3)
  5 kobolds
  3 quokkas
  9 ball pythons
  5 goblins
  2 rats
51 creatures vanquished.

Vanquished Creatures (others)
  11 plants (D:2)
11 creatures vanquished.

Grand Total: 62 creatures vanquished

Notes
Turn   | Place    | Note
-------+----------+-------------------------------------------
     0 | D:1      | eustatius the Djinni Fighter began the quest for the Orb.
     0 | D:1      | Reached XP level 1. HP: 20/20 MP: 0/0
   198 | D:1      | Reached XP level 2. HP: 7/25 MP: 0/0
   489 | D:1      | Reached XP level 3. HP: 30/30 MP: 0/0
   489 | D:1      | Learned a level 1 spell: Summon Small Mammal
   914 | D:2      | Reached XP level 4. HP: 20/35 MP: 0/0
  1856 | D:2      | Found a faded altar of an unknown god.
  1860 | D:2      | Reached skill level 1 in Dodging
  2285 | D:3      | Reached XP level 5. HP: 41/41 MP: 0/0
  2285 | D:3      | Learned a level 2 spell: Poisonous Vapours
  2652 | D:3      | HP: 1/41 [iguana (10)]
  2653 | D:3      | Slain by an iguana

Illustrated notes

Levels and vault maps discovered:
D:1:      dpeg_arrival_lava_temple_mockup, layout_rooms
D:2:      layout_basic, serial_forest, infiniplex_forest_3_way,
          infiniplex_forest_end_3, infiniplex_forest_clump_large,
          infiniplex_forest_lined_room_2, infiniplex_forest_end_3,
          infiniplex_forest_3_way, shapermc_ecumenical_altar_acropolis,
          minmay_misc_feat_doors
D:3:      minmay_skewed_foursquare, layout_basic

Skill      XL: |  1  2  3  4 |
---------------+-------------+-----
Long Blades    | 2 |  2.9
Dodging        | 1 |  1.1
Fighting       | |  3.6
Armour         | |  3.5
Shields        | |  3.4
Spellcasting   | |  0.2

Action                   |  1- 3 |  4- 6 || total
-------------------------+-------+-------++-------
Melee: Long sword        |    73 |   113 ||   186
  Use: Potion            |       |     1 ||     1
Armor: Scale mail        |    53 |    45 ||    98
Dodge: Dodged            |    58 |    67 ||   125
Block: Buckler           |    32 |    35 ||    67

Table legend: (Time is in decaauts)
 A = Elapsed time spent in this place.
 B = Non-inter-level travel time spent in this place.
 C = Inter-level travel time spent in this place.
 D = Time resting spent in this place.
 E = Time spent auto-exploring this place.
 F = Levels seen in this place.
 G = Mean time per level.
                   A        B        C        D        E       F      G
               +--------+--------+--------+--------+--------+-----+--------+
         Total |   2712 |   2612 |    100 |      0 |   1853 |   3 |  904.0 |
       Dungeon |   2712 |   2612 |    100 |      0 |   1853 |   3 |  904.0 |
               +--------+--------+--------+--------+--------+-----+--------+

Top non-repeatable levels by time:
     D:2: 1287 daAuts
     D:1: 813 daAuts
     D:3: 611 daAuts
